 Dungeon Crawl Stone Soup version 0.21.1-1-g345015f (webtiles) character file.

1042 letownia2 the Spear-Bearer (level 8, -2/60 HPs)
             Began as a Merfolk Skald on Mar 14, 2018.
             Was a Follower of Cheibriados.
             Slain by Grum
             ... wielding a -1 spear
              (12 damage)
             ... on level 8 of the Dungeon.
             The game lasted 00:12:40 (1660 turns).

letownia2 the Spear-Bearer (Merfolk Skald)          Turns: 1660, Time: 00:12:41

Health: -2/60      AC: 12    Str: 15    XL:     8   Next: 25%
Magic:  2/11       EV: 12    Int: 29    God:    Cheibriados [*.....]
Gold:   112        SH:  0    Dex: 12    Spells: 2/11 levels left

rFire    + . .     SeeInvis .   m - -2 trident (curse)
rCold    + . .     Gourm    .   (no shield)
rNeg     . . .     Faith    .   y - +3 leather armour {rF+}
rPois    .         Spirit   .   (no helmet)
rElec    .         Reflect  .   f - +2 cloak
rCorr    .         Harm     .   h - +2 pair of gloves
MR       .....                  (no boots)
Stlth    ..........             b - amulet "Ozedext" {*Slow +Rage rC+ Int+9 Dex-3}
HPRegen  0.20/turn              e - ring of loudness (curse)
MPRegen  0.12/turn              (no ring)

@: brilliant, very slow
A: change form in water, swift swim, stealthy swim
a: Bend Time, Renounce Religion, Evoke Berserk Rage


You were on level 8 of the Dungeon.
You worshipped Cheibriados.
Cheibriados was aware of your devotion.
You were hungry.

You visited 2 branches of the dungeon, and saw 9 of its levels.

You collected 112 gold pieces.

Inventory:

Hand Weapons
 a - a +0 spear
 m - a cursed -2 trident (weapon)
 s - a +0 hunting sling
Missiles
 g - 5 javelins
 q - 4 javelins of penetration (quivered)
Armour
 f - a +2 cloak (worn)
 h - a +2 pair of gloves (worn)
 n - a +0 scale mail
 y - a +3 leather armour of fire resistance (worn)
Magical Staves
 v - an uncursed staff of cold
Jewellery
 b - the amulet "Ozedext" (around neck) {*Slow +Rage rC+ Int+9 Dex-3}
   (You found it on level 5 of the Dungeon)

   [amulet of rage]

   It affects your intelligence (+9).
   It affects your dexterity (-3).
   It protects you from cold.
   It lets you go berserk.
   It may slow you when you take damage.
 e - a cursed ring of loudness (left hand)
Wands
 p - a wand of polymorph (6)
Potions
 j - a potion of brilliance
 k - a potion of curing {unknown}
 l - a potion of berserk rage {unknown}
 o - a potion of degeneration {unknown}
 r - a potion of resistance
 t - a potion of cancellation {unknown}
 u - a potion of magic {unknown}
Books
 c - a book of Battle

   Spells                             Type                      Level
   a - Infusion                       Charms                       1
   b - Shroud of Golubria             Charms/Translocation         2
   c - Song of Slaying                Charms                       2
   d - Spectral Weapon                Hexes/Charms                 3
   e - Regeneration                   Charms/Necromancy            3
Comestibles
 d - 7 rations
 x - a chunk of flesh


   Skills:
 - Level 4.0 Fighting
 + Level 9.1 Polearms
 - Level 0.6 Armour
 - Level 2.6 Dodging
 - Level 2.0 Spellcasting
 - Level 1.6 Hexes
 - Level 5.4 Charms
 - Level 3.0 Necromancy
 - Level 1.5 Translocations


You had 2 spell levels left.
You knew the following spells:

 Your Spells              Type           Power        Failure   Level  Hunger
a - Infusion              Chrm           ####         1%          1    None
g - Regeneration          Chrm/Necr      #####.....   1%          3    ###....
t - Shroud of Golubria    Chrm/Tloc      #####.....   1%          2    ##.....
x - Spectral Weapon       Hex/Chrm       #####...     1%          3    ###....


Dungeon Overview and Level Annotations

Branches:
Dungeon (8/15)             Temple (1/1) D:4
   Lair: D:8-11

Altars:
Ashenzari
Cheibriados
Elyvilon
Fedhas
Gozag
Hepliaklqana
Kikubaaqudgha
Makhleb
Ru
Sif Muna
Uskayaw
Vehumet
Wu Jian
Xom
Yredelemnul
Zin

Shops:
D:4 }   D:5 [

Annotations:
D:8 Grum


Message History

Grum hits you from afar with a spear!
* * * LOW HITPOINT WARNING * * *
Attack whom?
Press: ? - help, Dir - move target cursor, f/p - Grum
Aim: Grum, wielding a spear and wearing a runed animal skin (moderately wounded)
You reach to attack!
You hit Grum.
Grum is heavily wounded.
Grum barely misses you.
Attack whom?
Press: ? - help, Dir - move target cursor, f/p - Grum
Aim: Grum, wielding a spear and wearing a runed animal skin (heavily wounded)
You reach to attack!
You barely miss Grum.
Grum is heavily wounded.
Attack whom?
Press: ? - help, Dir - move target cursor, f/p - Grum
Aim: Grum, wielding a spear and wearing a runed animal skin (heavily wounded)
You reach to attack!
You closely miss Grum.
Grum is heavily wounded.
Grum hits you from afar with a spear!
You die...

#.# #.# #.# #.# #.# #.#
#.# ####### #.#
#.#......!
#.....###.####.#.>.h...
#.###.#......#.#..$..#
#.# #.#.#.##.#(#...g.#
#.###'#.#..#<#@#.....#
#.##....#....#.#.....+
#.##....######g#.....#
#.##..........h......#
#.##...#.#####.........
#.##...#.# ####....##
#.###.##.# .....+ #.#
#.##.# ....# ###.#
#.##.# ....#


You could see Grum, a wolf and a friendly spectral trident.

Vanquished Creatures
  3 phantoms
  A boggart (D:5)
  A wolf (D:8)
  A quasit (D:5)
  3 hounds
  5 orc wizards
  3 orc priests
  A centaur skeleton (D:4)
  An iguana (D:6)
  4 worker ants
  3 adders
  An ooze (D:1)
  An adder skeleton (D:5)
  A worm (D:2)
  A dart slug (D:3)
  10 orcs
  2 ball pythons
  5 giant cockroaches
  8 goblins
  5 hobgoblins
  6 jackals (D:4)
  6 kobolds
  2 quokkas (D:5)
  5 bats
  2 frilled lizards
  A leopard gecko skeleton (D:5)
  A quokka skeleton (D:6)
  6 rats
89 creatures vanquished.

Vanquished Creatures (others)
  An orc wizard (D:6)
1 creature vanquished.

Grand Total: 90 creatures vanquished

Notes
Turn   | Place    | Note
-------+----------+-------------------------------------------
     0 | D:1      | letownia2 the Merfolk Skald began the quest for the Orb.
     0 | D:1      | Reached XP level 1. HP: 16/16 MP: 3/3
    44 | D:1      | Reached XP level 2. HP: 19/22 MP: 0/5
    52 | D:1      | Learned a level 2 spell: Shroud of Golubria
   133 | D:1      | Reached skill level 1 in Translocations
   141 | D:1      | Reached XP level 3. HP: 12/27 MP: 0/6
   255 | D:2      | Noticed a scorpion
   290 | D:1      | Learned a level 3 spell: Spectral Weapon
   395 | D:3      | Reached skill level 1 in Hexes
   461 | D:3      | Reached XP level 4. HP: 26/33 MP: 3/7
   494 | D:5      | Entered Level 5 of the Dungeon
   545 | D:4      | Found a shattered altar of Ashenzari.
   710 | D:4      | Found Viahaclo's Gadget Emporium.
   734 | D:4      | Reached XP level 5. HP: 40/40 MP: 2/8
   749 | D:4      | Found a hazy altar of Hepliaklqana.
   791 | D:4      | Noticed a phantom
   792 | D:4      | Noticed a phantom
   826 | D:4      | Killed a phantom
   826 | D:4      | Reached skill level 4 in Polearms
   826 | D:4      | Reached XP level 6. HP: 33/47 MP: 0/9
   844 | D:4      | Reached skill level 5 in Charms
   889 | D:4      | Killed a phantom
   889 | D:4      | Reached skill level 5 in Polearms
  1000 | D:4      | Found an opulent altar of Gozag.
  1044 | D:4      | Learned a level 3 spell: Regeneration
  1051 | D:4      | Found a staircase to the Ecumenical Temple.
  1100 | Temple   | Entered the Ecumenical Temple
  1107 | Temple   | Became a worshipper of Cheibriados the Contemplative
  1138 | D:4      | Reached XP level 7. HP: 53/54 MP: 4/10
  1153 | D:5      | Reached skill level 6 in Polearms
  1153 | D:5      | Reached skill level 1 in Necromancy
  1255 | D:5      | Got a steaming emerald amulet
  1261 | D:5      | Identified the amulet "Ozedext" {*Slow +Rage rC+ Int+9 Dex-3} (You found it on level 5 of the Dungeon)
  1280 | D:5      | Found Jittum's Armour Shoppe.
  1302 | D:5      | Reached skill level 7 in Polearms
  1318 | D:5      | Found a blossoming altar of Fedhas.
  1395 | D:6      | Reached XP level 8. HP: 22/60 MP: 3/11
  1406 | D:6      | Reached * piety under Cheibriados
  1406 | D:6      | Reached skill level 8 in Polearms
  1614 | D:8      | Noticed Grum
  1626 | D:8      | Reached skill level 9 in Polearms
  1660 | D:8      | Slain by Grum

Skill      XL: |  1  2  3  4  5  6  7  8 |
---------------+-------------------------+-----
Charms         | 4 5 |  5.4
Translocations | 1 |  1.5
Hexes          | 1 |  1.6
Fighting       | 3 4 |  4.0
Polearms       | 4 5 7 9 |  9.1
Necromancy     | 2 3 |  3.0
Armour         | |  0.6
Dodging        | |  2.6
Spellcasting   | |  2.0

Action                   |  1- 3 |  4- 6 |  7- 9 || total
-------------------------+-------+-------+-------++-------
Melee: Spear             |   122 |   121 |   119 ||   362
       Trident           |       |       |    50 ||    50
Throw: Javelin           |       |    10 |     6 ||    16
 Cast: Infusion          |     9 |     5 |     1 ||    15
       Spectral Weapon   |       |     5 |    12 ||    17
       Shroud of Golubri |       |     9 |     7 ||    16
       Regeneration      |       |       |     1 ||     1
Evoke: Wand              |       |       |     4 ||     4
  Use: Potion            |       |     1 |     3 ||     4
       Scroll            |       |       |     4 ||     4
 Stab: Distracted        |       |       |     1 ||     1
  Eat: Chunk             |       |     3 |     3 ||     6
Armor: Leather armour    |    41 |    26 |    66 ||   133
Dodge: Dodged            |    85 |    71 |    96 ||   252
